 Dungeon Crawl Stone Soup version 0.31-a0-851-g7ff8af7976 (webtiles) character file.

Game seed: 1216775708628042428

166960 redmage the Metamorph (level 17, -3/176 HPs)
             Began as an Octopode Earth Elementalist on Oct 8, 2023.
             Was an Initiate of Gozag.
             Slain by a shock serpent (5 damage)
             ... on level 4 of the Snake Pit.
             The game lasted 03:51:25 (34595 turns).

redmage the Metamorph (OpEE)                       Turns: 34595, Time: 03:51:26

Health: -3/176     AC: 26    Str:  7    XL:     17   Next: 91%
Magic:  34/34      EV: 23    Int: 26    God:    Gozag
Gold:   2785       SH:  0    Dex: 25    Spells: 1/43 levels left

rFire   + . .        a - +2 double sword (holy)
rCold   . . .        b - orb {guile}
rNeg    + . .        Z - +1 hat
rPois   ∞            E - amulet of magic regeneration
rElec   +            B - ring of wizardry
rCorr   +            A - ring of protection from cold
SInv    .            R - ring of Nykheyhi {rElec EV+5 Slay+4}
Will    .....        G - ring of willpower Stlth
                     t - +6 ring of dexterity
HPRegen 0.49/turn    k - ring of resist corrosion
MPRegen 0.64/turn    N - ring "Luthrej" {Str-4 Int+5 Dex+6 Slay+3}
                     F - ring of fire

%: wizardry (x1)
@: mighty, berserking (expiring), statue-form, untranslocatable, gold aura,
hasted and slowed, constricted, invisible, very slow
A: slow and powerful, torment resistance 1, boosted hp, almost no armour,
amphibious, 8 rings, camouflage 1, (gelatinous body 1), (nimble swimmer 1),
tentacles
a: Begin Untransformation, Renounce Religion, Potion Petition, Call Merchant,
Bribe Branch


You were on level 4 of the Snake Pit.
You worshipped Gozag.
Gozag was most pleased with you.
You were a living statue of rough stone.
You visited 4 branches of the dungeon, and saw 26 of its levels.
You also visited: Sewer and Ice Cave.

You collected 12551 gold pieces.
You spent 3907 gold pieces at shops.
You paid 5859 gold pieces to Gozag.

Inventory:

Hand Weapons
 a - a +2 double sword of holy wrath (weapon)
 c - a +2 dagger of speed
 v - a +1 heavy demon blade
Missiles
 f - 27 boomerangs (quivered)
 m - 7 curare-tipped darts
 W - a throwing net
Armour
 b - an orb of guile (worn)
 P - a +1 kite shield of poison resistance
 Z - a +1 hat (worn)
Magical Staves
 T - a staff of conjuration
Jewellery
 k - a ring of resist corrosion (on tentacle)
 t - a +6 ring of dexterity (on tentacle)
 w - an amulet of regeneration
 A - a ring of protection from cold (right tentacle)
 B - a ring of wizardry (left tentacle)
 E - an amulet of magic regeneration (around mantle)
 F - a ring of fire (on tentacle)
 G - a ring of willpower (on tentacle)
 N - the ring "Luthrej" (on tentacle) {Str-4 Int+5 Dex+6 Slay+3}
   (You bought it in a shop on level 2 of the Orcish Mines)

   [ring of dexterity]

   Str-4:     It affects your strength (-4).
   Int+5:     It affects your intelligence (+5).
   Dex+6:     It affects your dexterity (+6).
   Slay+3:    It affects your accuracy & damage with ranged weapons and melee
   (+3).
 R - the ring of Nykheyhi (on tentacle) {rElec EV+5 Slay+4}
   (You bought it in a shop on level 1 of the Lair of Beasts)

   [ring of evasion]

   EV+5:      It affects your evasion (+5).
   Slay+4:    It affects your accuracy & damage with ranged weapons and melee
   (+4).
   rElec:     It insulates you from electricity.
Talismans
 V - a granite talisman (active)
Wands
 h - a wand of digging (5)
 i - a wand of quicksilver (24)
 y - a wand of paralysis (9)
 z - a wand of iceblast (15)
 C - a wand of polymorph (4)
 Q - a wand of mindburst (10)
Scrolls
 n - 9 scrolls of teleportation
 o - 5 scrolls of blinking
 q - 4 scrolls of amnesia
 s - 2 scrolls of summoning
 x - 2 scrolls of fog
 J - 3 scrolls of enchant weapon
 M - 4 scrolls of vulnerability
 S - 4 scrolls of poison
 X - 3 scrolls of immolation
Potions
 d - 7 potions of haste
 e - 2 potions of cancellation
 g - 9 potions of might
 j - 3 potions of curing
 l - 2 potions of invisibility
 p - 4 potions of berserk rage
 r - 8 potions of lignification
 u - a potion of resistance
 D - 3 potions of ambrosia
 H - 5 potions of mutation
 I - a potion of attraction
 K - a potion of brilliance
 L - a potion of enlightenment
 O - 3 potions of magic


   Skills:
 - Level 4.9 Fighting
 - Level 4.0(6.1) Short Blades
 + Level 7.2(7.7) Long Blades
 - Level 10.5 Dodging
 - Level 10.2 Stealth
 - Level 13.7 Spellcasting
 - Level 9.2 Conjurations
 - Level 6.5 Translocations
 - Level 4.0 Transmutations
 - Level 5.0 Ice Magic
 - Level 5.0 Air Magic
 - Level 11.8 Earth Magic
 - Level 4.0 Evocations
 - Level 15.0 Shapeshifting


You had one spell level left.
You knew the following spells:

 Your Spells              Type           Power      Damage    Failure   Level
a - Bombard               Conj/Erth      32%        9d6       2%          6
b - Passwall              Tmut/Erth      46%        N/A       1%          2
c - Stone Arrow           Conj/Erth      100%       3d13      1%          3
d - Petrify               Tmut/Erth      56%        N/A       1%          4
e - Lee's Rapid Deconstr  Erth           34%        3d17*     1%          5
f - Freezing Cloud        Conj/Ice/Air   25%        6-21      2%          5
g - Ozocubu's Armour      Ice            43%        N/A       1%          3
q - Apportation           Tloc           100%       N/A       1%          1
s - Shatter               Erth           34%        3d27*     100%        9
z - Passage of Golubria   Tloc           51%        N/A       1%          4

Your spell library contained the following spells:

 Spells                   Type           Power      Damage    Failure   Level
 Kiss of Death            Conj/Necr      100%       2d13      1%          1
 Sandblast                Erth           100%       2d20      1%          1
 Slow                     Hex            68%        N/A       1%          1
 Lesser Beckoning         Tloc           100%       N/A       1%          2
 Gell's Gravitas          Tloc           51%        N/A       1%          3
 Teleport Other           Tloc           51%        N/A       1%          3
 Volatile Blastmotes      Fire/Tloc      100%       2d18      1%          3
 Brom's Barrelling Bould  Conj/Erth      64%        2d8       1%          4
 Fulminant Prism          Conj/Hex       20%        3d12      1%          4
 Iskenderun's Mystic Bla  Conj/Tloc      56%        2d12      1%          4
 Leda's Liquefaction      Hex/Erth       24%        N/A       1%          4
 Confusing Touch          Hex            17%        N/A       4%          3
 Sigil of Binding         Hex            17%        N/A       4%          3
 Tukima's Dance           Hex            17%        N/A       4%          3
 Vampiric Draining        Necr           17%        2d7       4%          3
 Summon Ice Beast         Ice/Summ       30%        N/A       4%          4
 Fireball                 Conj/Fire      29%        3d13      5%          5
 Anguish                  Hex/Necr       8%         N/A       12%         4
 Cause Fear               Hex            8%         N/A       12%         4
 Metabolic Englaciation   Hex/Ice        15%        N/A       12%         5
 Dispersal                Tloc           25%        N/A       13%         6
 Yara's Violent Unravell  Hex/Tmut       14%        3d7       16%         5
 Summon Mana Viper        Hex/Summ       17%        N/A       32%         5
 Spellforged Servitor     Conj/Summ      20%        N/A       82%         7
 Enfeeble                 Hex            8%         N/A       100%        7
 Monstrous Menagerie      Summ           8%         N/A       100%        7
 Chain Lightning          Conj/Air       26%        3d35      100%        9
 Dragon's Call            Summ           8%         N/A       100%        9
 Fire Storm               Conj/Fire      29%        8d7       100%        9
 Simulacrum               Ice/Necr       Unusable   N/A       N/A         6

Dungeon Overview and Level Annotations

Branches:
Dungeon (15/15)            Temple (0/1) D:7            Lair (5/5) D:11
  Swamp (0/4) Lair:3        Snake (4/4) Lair:2        Slime (0/5) Lair:5
    Orc (2/2) D:12            Elf (0/3) Orc:2        Vaults (0/5) D:14
 Depths (0/4) D:15          Sewer (visited)           IceCv (visited)

Altars:
Dithmenos
Elyvilon
Gozag
Makhleb
Nemelex Xobeh
Qazlal
Sif Muna
Vehumet
Wu Jian
Yredelemnul
Zin
The Shining One
Jiyva

Shops:
D:2 =   D:7 *   D:10 !*   D:13 [   Orc:2 (=[*   Lair:1 *[*=   Snake:3 :

Portals:
Hell: Lair:5

Annotations:
D:3 1 runed translucent door, PowderKeg's ghost, amateur FoFi
D:4 3 runed translucent doors, MrSquiggles's ghost, amateur SpWn
D:11 1 exclusion
Lair:1 2 runed translucent doors, Darius099's ghost, journeyman MiFi
Lair:2 2 transporters, Stellion's ghost, journeyman GnMo


Innate Abilities, Weirdness & Mutations

You are a living statue of rough stone.
Your actions are slow, but your melee attacks are powerful.
You are resistant to unholy torment.
Your maximum health is increased.
You cannot wear most types of armour.
You are amphibious.
You can wear up to eight rings at the same time.
You are immune to poison.
Your skin changes colour to match your surroundings (Stealth+).
((Your rubbery body absorbs attacks. (AC +1, EV +1)))
((You are camouflaged when in or above water. (Stealth+)))
You have tentacles for arms and can constrict up to eight enemies at once.


Message History

The guardian serpent hits you.
* * * LOW HITPOINT WARNING * * *
The nagaraja hits you but does no damage.
The nagaraja constricts you.
* * * LOW HITPOINT WARNING * * *
The nagaraja barely misses you.
The naga sharpshooter gestures wildly while chanting.
The naga sharpshooter magically shoots an arrow.
The arrow hits you.
* * * LOW HITPOINT WARNING * * *
The guardian serpent barely misses you.
The nagaraja is distracted by your dazzling golden aura.
The nagaraja constricts you. The naga warrior barely misses you.
A salamander tyrant comes into view.
The naga ritualist misses you.
The nagaraja is distracted by your dazzling golden aura.
The guardian serpent hits you.
* * * LOW HITPOINT WARNING * * *
The naga warrior barely misses you.
The nagaraja shouts!
You are too berserk!
You slice the guardian serpent!! You squeeze the guardian serpent.
The guardian serpent is almost dead.
Your attacks no longer feel as feeble.
The shock serpent is no longer moving slowly.
The naga no longer looks unusually toxic.
The nagaraja is no longer distracted by gold.
The nagaraja completely misses you. The nagaraja constricts you.
The guardian serpent casts a spell at you.
The naga ritualist hits you with a +0 hand axe.
* * * LOW HITPOINT WARNING * * *
The nagaraja is distracted by your dazzling golden aura.
The nagaraja constricts you.
The nagaraja mumbles some strange words.
The nagaraja seems to speed up.
The naga is distracted by your dazzling golden aura.
The guardian serpent closely misses you.
The shock serpent bites you.
You die...
Your body crumbles into a pile of gold.

# ###...## ###.#####....##
##.. #####....## #..#
###..# ##. ........## #..##
##.## #.
........########..# #..#
##. ..................#
##.## #..
............##''### #..#
#..
.#####.....##....#####).#
##.. ##
##...##...NNN##<...## #...
#
##.##...##8SN####..#####...
###...# ##S$.####.........
#...# ##N°.####........
...# ##N$.####...#... # ..[
#..○§# #..####. ### ..
.......§NN.##..# ## ..#
......#N$...#### # ..#
..N..##.N#...# ##### .##
.N..# ...##...##....


You could see 3 nagarajas, a naga warrior, a naga sharpshooter, 2 naga
ritualists, a shock serpent (unable to see you), a guardian serpent, a naga mage
(fast, strong) and a naga (unaware).

Vanquished Creatures
  Rupert (D:14)
  Jorgrun (D:15)
  Donald (Orc:2)
  A nagaraja (Snake:3)
  Roxanne (D:14)
  A frost giant (IceCv)
  Louise (D:15)
  4 orc warlords (Orc:2)
  Nessos (D:15)
  A dire elephant (D:15)
  Snorg (D:14)
  5 hydras
  4 salamander tyrants
  A catoblepas (Lair:4)
  An ogre mage (D:14)
  14 anacondas
  5 two-headed ogres
  7 centaur warriors
  3 boulder beetles
  10 death yaks
  9 naga warriors
  4 shock serpents
  2 orc high priests (Orc:2)
  8 naga sharpshooters
  Sonja (Lair:2)
  A sixfirhy (Lair:5)
  3 salamander mystics
  A skyshark (Lair:2)
  8 naga ritualists
  A wizard (Lair:5)
  7 orc knights
  A deep elf pyromancer (D:13)
  An ugly thing (IceCv)
  Pikel (D:5)
  7 mana vipers
  7 orc sorcerers
  15 salamanders
  8 cyclopes
  5 manticores
  17 elephants
  12 naga magi
  A torpor snail (Lair:5)
  40 black mambas
  3 guardian serpents
  An orange demon (Lair:5)
  A smoke demon (Lair:5)
  A molten gargoyle (Lair:3)
  An ice statue (IceCv)
  2 gargoyles (D:12)
  Maggie (D:8)
  17 cane toads
  11 komodo dragons
  An efreet (D:14)
  2 unseen horrors
  13 rime drakes
  A yaktaur (D:15)
  4 ice devils (Lair:5)
  A tengu conjurer (D:14)
  A red devil (Lair:5)
  13 polar bears
  4 trolls
  A meliai (shapeshifter) (D:14)
  2 hornets
  16 blink frogs
  Grinder (D:4)
  4 slime creatures
  A culicivora (shapeshifter) (D:14)
  A water elemental (D:12)
  2 wraiths
  2 vampires
  7 wyverns
  2 shadows
  76 yaks
  8 basilisks
  A fire elemental (Lair:3)
  Edmund (D:3)
  15 vampire mosquitoes
  A warg (Orc:2)
  3 acid dragons
  29 nagas
  An acid dragon (shapeshifter) (D:13)
  30 water moccasins
  4 hell hounds (Lair:5)
  6 ice beasts
  A meliai simulacrum (D:13)
  3 black bears
  A swamp drake (Lair:3)
  40 orc warriors
  20 wolves
  14 ogres
  16 centaurs
  A boggart (D:14)
  5 kobold brigands
  2 lemures
  Blork the orc (Orc:2)
  15 bullfrogs
  A gnoll sergeant (D:13)
  5 scorpions
  13 killer bees
  5 electric eels (D:12)
  3 howler monkeys
  2 lava snakes (Lair:3)
  A jelly (D:6)
  3 hounds
  23 orc priests
  2 gnoll boudas
  Crazy Yiuf (D:7)
  2 sleepcaps (D:4)
  Ijyb (D:4)
  5 iguanas
  45 orc wizards
  14 adders
  17 gnolls
  4 river rats (Sewer)
  2 shadow imps
  5 ufetubi
  5 worms
  11 dart slugs
  103 orcs
  16 ball pythons
  3 bats
  5 endoplasms
  A giant cockroach (D:3)
  8 goblins
  5 hobgoblins
  5 jackals
  18 kobolds
  3 quokkas
  7 frilled lizards
  36 rats
1015 creatures vanquished.

Vanquished Creatures (others)
  2 yaks (IceCv)
2 creatures vanquished.

Grand Total: 1017 creatures vanquished

Notes
Turn   | Place    | Note
-------+----------+-------------------------------------------
     0 | D:1      | redmage the Octopode Earth Elementalist began the quest for
                  | the Orb.
     0 | D:1      | Reached XP level 1. HP: 11/11 MP: 3/3
   167 | D:1      | Reached XP level 2. HP: 17/17 MP: 5/5
   170 | D:1      | Learned a level 2 spell: Passwall
   676 | D:1      | Reached XP level 3. HP: 21/21 MP: 6/6
   680 | D:1      | Learned a level 3 spell: Stone Arrow
  1153 | D:2      | Found an opulent altar of Gozag.
  1163 | D:2      | Became a worshipper of Gozag Ym Sagoz the Greedy
  1799 | D:2      | Reached XP level 4. HP: 27/27 MP: 5/7
  1933 | D:2      | Found Suggoon's Jewellery Boutique.
  2502 | D:3      | You fall into a shaft and drop 1 floor!
  2532 | D:4      | Noticed Grinder
  2539 | D:4      | Noticed Edmund
  2574 | D:3      | Reached XP level 5. HP: 31/31 MP: 7/9
  2620 | D:3      | Found a glowing drain.
  2658 | Sewer    | Entered a sewer
  3069 | Sewer    | Reached XP level 6. HP: 36/36 MP: 9/11
  3191 | Sewer    | Reached skill level 5 in Earth Magic
  3401 | D:3      | Found a runed translucent door.
  3401 | D:3      | Noticed PowderKeg's ghost (amateur FoFi)
  3552 | D:3      | Reached XP level 7. HP: 41/41 MP: 8/13
  3951 | D:2      | Bought a ring of magical power for 220 gold pieces
  3951 | D:2      | Bought an amulet of regeneration for 330 gold pieces
  4022 | D:3      | Killed Edmund
  4023 | D:3      | Reached skill level 5 in Spellcasting
  4162 | D:4      | Paralysed by Grinder for 4 turns
  4169 | D:4      | Killed Grinder
  4272 | D:4      | Reached XP level 8. HP: 46/46 MP: 16/16
  4371 | D:4      | Noticed Ijyb
  4380 | D:4      | Killed Ijyb
  4453 | D:4      | Found a shadowy altar of Dithmenos.
  4497 | D:4      | Found a runed translucent gate.
  4497 | D:4      | Noticed MrSquiggles's ghost (amateur SpWn)
  4498 | D:4      | Found a runed translucent gate.
  4499 | D:4      | Found a runed translucent gate.
  4672 | D:2      | Bought a ring of wizardry for 330 gold pieces
  4876 | D:4      | Found a shimmering blue altar of Sif Muna.
  4911 | D:4      | Got a disorganized book
  5318 | D:5      | Entered Level 5 of the Dungeon
  5319 | D:5      | Noticed Pikel
  5371 | D:4      | Learned a level 4 spell: Petrify
  5445 | D:5      | Reached skill level 1 in Short Blades
  5445 | D:5      | Reached skill level 1 in Conjurations
  5489 | D:5      | Killed Pikel
  5490 | D:5      | Reached skill level 5 in Stealth
  5490 | D:5      | Reached XP level 9. HP: 51/51 MP: 9/18
  5651 | D:5      | Noticed a hornet
  5714 | D:5      | Killed a hornet
  6801 | D:6      | Found an ornate altar of the Wu Jian Council.
  6958 | D:6      | Found a glowing golden altar of the Shining One.
  7279 | D:6      | Reached skill level 5 in Conjurations
  7461 | D:7      | Noticed a hornet
  7471 | D:7      | Killed a hornet
  7472 | D:7      | Reached XP level 10. HP: 56/56 MP: 21/21
  7600 | D:7      | Found a staircase to the Ecumenical Temple.
  8015 | D:7      | Found Ukhupa's General Store.
  8023 | D:7      | Bought a ring of willpower for 275 gold pieces
  8023 | D:7      | Bought a scroll of amnesia for 44 gold pieces
  8163 | D:7      | Found a runed translucent door.
  8164 | D:7      | Noticed Crazy Yiuf
  8173 | D:7      | Killed Crazy Yiuf
  8579 | D:8      | Found an opulent altar of Gozag.
  8655 | D:8      | Found a burning altar of Makhleb.
  8839 | D:8      | Found a sparkling altar of Nemelex Xobeh.
  9139 | D:8      | Found a radiant altar of Vehumet.
  9390 | D:8      | Found a glowing silver altar of Zin.
  9417 | D:8      | Noticed Maggie
  9428 | D:8      | Killed Maggie
  9699 | D:9      | Reached skill level 1 in Evocations
  9734 | D:9      | Reached XP level 11. HP: 46/61 MP: 17/23
 10028 | D:9      | Reached skill level 10 in Earth Magic
 10035 | D:9      | Reached skill level 1 in Shapeshifting
 10137 | D:9      | Found a stormy altar of Qazlal.
 10406 | D:10     | Entered Level 10 of the Dungeon
 10421 | D:10     | Noticed a two-headed ogre
 10446 | D:10     | Found a white marble altar of Elyvilon.
 10450 | D:10     | Killed a two-headed ogre
 10451 | D:10     | Reached skill level 2 in Shapeshifting
 10641 | D:10     | Found a basalt altar of Yredelemnul.
 10688 | D:10     | Reached skill level 3 in Shapeshifting
 10906 | D:10     | Bought a potion of brilliance for 44 gold pieces
 10906 | D:10     | Bought a potion of curing for 33 gold pieces
 10906 | D:10     | Bought a potion of enlightenment for 55 gold pieces
 11044 | D:10     | Reached skill level 1 in Fighting
 11067 | D:10     | Reached skill level 4 in Shapeshifting
 11110 | D:10     | Bought a potion of haste for 110 gold pieces
 11110 | D:10     | Bought a potion of lignification for 33 gold pieces
 11158 | D:10     | Bought a potion of attraction for 33 gold pieces
 11264 | D:10     | Identified the +2 chain mail of Spaghetti {rPois rN++
                  | Int+3}
 11841 | D:10     | Bought a potion of magic for 88 gold pieces
 11922 | D:12     | Reached skill level 5 in Shapeshifting
 11986 | D:12     | Found a staircase to the Orcish Mines.
 11991 | Orc:1    | Entered Level 1 of the Orcish Mines
 12049 | Orc:1    | Noticed an orc sorcerer
 12084 | Orc:1    | Killed an orc sorcerer
 12085 | Orc:1    | Reached XP level 12. HP: 66/72 MP: 4/25
 12335 | Orc:2    | Entered Level 2 of the Orcish Mines
 12389 | Orc:2    | Noticed Donald
 12390 | Orc:2    | Noticed an orc warlord
 12578 | Orc:2    | Reached skill level 6 in Shapeshifting
 12583 | Orc:2    | Noticed an orc high priest
 12588 | Orc:2    | Killed an orc high priest
 12589 | Orc:2    | Reached skill level 10 in Spellcasting
 12686 | Orc:2    | Noticed an orc high priest
 12727 | Orc:2    | Killed an orc high priest
 12963 | Orc:2    | Reached skill level 7 in Shapeshifting
 12964 | Orc:2    | Noticed Blork the orc
 13018 | Orc:2    | Noticed an orc warlord
 13381 | Orc:2    | Reached skill level 8 in Shapeshifting
 13650 | Orc:2    | Killed Blork the orc
 13719 | Orc:2    | Killed an orc warlord
 13753 | Orc:2    | Reached skill level 9 in Shapeshifting
 13790 | Orc:2    | Found Qeoruefo's Jewellery Emporium.
 13804 | Orc:2    | Bought the ring "Luthrej" {Str-4 Int+5 Dex+6 Slay+3} for
                  | 807 gold pieces
 13814 | Orc:2    | Found Dipnir's General Store.
 13887 | Orc:2    | Found Tehaz's Antique Weapon Emporium.
 13903 | Orc:2    | Found Astralomi's Antique Armour Emporium.
 13939 | Orc:2    | Found a staircase to the Elven Halls.
 14563 | Orc:1    | Reached skill level 10 in Shapeshifting
 14800 | Orc:2    | Reached XP level 13. HP: 75/79 MP: 22/27
 15003 | Orc:2    | Killed an orc warlord
 15004 | Orc:2    | Reached skill level 5 in Dodging
 15217 | Orc:2    | Identified the ring "Kacuq" {rN+ Str+5 Int+3 Stlth-}
 15244 | Orc:2    | Killed Donald
 15270 | Orc:2    | Learned a level 6 spell: Bombard
 15576 | Orc:2    | Noticed an orc warlord
 15621 | Orc:2    | Killed an orc warlord
 15889 | Orc:2    | Noticed an orc warlord
 15943 | Orc:2    | Killed an orc warlord
 15960 | Orc:2    | Found the +3 giant club "Skullcrusher" {speed, Str+7}
 16107 | D:11     | Found a staircase to the Lair.
 16185 | Lair:1   | Entered Level 1 of the Lair of Beasts
 16561 | Lair:1   | Found a frozen archway.
 16577 | IceCv    | Entered an ice cave
 17057 | IceCv    | Identified the +3 ring mail of the Usurping Gods {Fly
                  | Int+2}
 17372 | IceCv    | Got a glistering book
 17384 | IceCv    | Learned a level 5 spell: Freezing Cloud
 17392 | IceCv    | Noticed a frost giant
 17488 | IceCv    | Killed a frost giant
 17489 | IceCv    | Reached skill level 1 in Ice Magic
 17489 | IceCv    | Reached skill level 1 in Air Magic
 17501 | IceCv    | Reached XP level 14. HP: 63/85 MP: 25/28
 17648 | Lair:1   | Found a large runed translucent door.
 17648 | Lair:1   | Found a large runed translucent door.
 17649 | Lair:1   | Noticed Darius099's ghost (journeyman MiFi)
 18587 | Lair:2   | Noticed Stellion's ghost (journeyman GnMo)
 18596 | Lair:2   | Found a transporter.
 18601 | Lair:2   | Found a transporter.
 18906 | Lair:2   | Found a staircase to the Snake Pit.
 19185 | Lair:2   | Reached skill level 10 in Dodging
 19497 | Lair:2   | Reached skill level 5 in Air Magic
 19508 | Lair:2   | Reached skill level 5 in Ice Magic
 19656 | Lair:2   | Noticed Sonja
 19661 | Lair:2   | Killed Sonja
 20310 | Lair:3   | Found a staircase to the Swamp.
 20572 | Lair:3   | Reached skill level 11 in Shapeshifting
 21140 | Lair:4   | Reached skill level 12 in Shapeshifting
 21143 | Lair:4   | Reached XP level 15. HP: 90/90 MP: 7/29
 22156 | Lair:5   | Entered Level 5 of the Lair of Beasts
 22251 | Lair:5   | Found a staircase to the Slime Pits.
 23042 | Lair:5   | Found a viscous altar of Jiyva.
 23325 | Lair:5   | Identified the +3 leather armour "Tecanase" {rElec Stlth+}
 23630 | Lair:5   | Found a burning altar of Makhleb.
 24149 | Lair:5   | Found a gateway to Hell.
 24185 | Lair:5   | Got a black book
 24189 | Lair:5   | Learned a level 1 spell: Apportation
 24332 | Lair:1   | Bought a potion of heal wounds for 180 gold pieces
 24332 | Lair:1   | Bought a scroll labelled OHONUPATIU for 36 gold pieces
 24332 | Lair:1   | Acquired a book of Annihilations
 24344 | Lair:1   | Learned a level 9 spell: Shatter
 24414 | Snake:1  | Entered Level 1 of the Snake Pit
 24590 | Snake:1  | Reached skill level 1 in Translocations
 24693 | Snake:1  | Learned a level 4 spell: Passage of Golubria
 25716 | Lair:1   | Bought the ring of Nykheyhi {rElec EV+5 Slay+4} for 1135
                  | gold pieces
 25790 | D:11     | Reached XP level 16. HP: 95/97 MP: 33/33
 26405 | D:12     | Learned a level 3 spell: Ozocubu's Armour
 26503 | D:12     | Reached skill level 5 in Translocations
 27225 | D:13     | Found Nawuadipit's Antique Armour Shop.
 27234 | D:13     | Bought a runed hat for 154 gold pieces
 27903 | D:13     | Identified the scarf of Hojeddor {harm, rPois Regen+ Str+3}
 28019 | D:14     | Noticed Roxanne
 28050 | D:14     | Reached skill level 10 in Stealth
 28086 | D:14     | Found a stormy altar of Qazlal.
 28302 | D:14     | Noticed Snorg
 28313 | D:14     | Killed Snorg
 28478 | D:14     | Noticed Rupert
 28492 | D:14     | Killed Rupert
 28877 | D:14     | Learned a level 5 spell: Lee's Rapid Deconstruction
 28975 | D:14     | Killed Roxanne
 29254 | D:14     | Found a gate to the Vaults.
 29390 | D:15     | Entered Level 15 of the Dungeon
 29397 | D:15     | Noticed Jorgrun
 29408 | D:15     | Killed Jorgrun
 29541 | D:15     | Identified the +6 leather armour "Owibefon" {Str+6}
 30084 | D:15     | Noticed Nessos
 30110 | D:15     | Killed Nessos
 30466 | D:15     | Found a staircase to the Depths.
 30475 | D:15     | Noticed Louise
 30478 | D:15     | Killed Louise
 30479 | D:15     | Reached skill level 13 in Shapeshifting
 30836 | Snake:2  | Reached XP level 17. HP: 66/101 MP: 18/34
 30849 | Snake:2  | Reached skill level 14 in Shapeshifting
 31136 | Snake:2  | Reached skill level 1 in Long Blades
 31267 | Snake:2  | You fall into a shaft and drop 1 floor!
 31570 | Snake:3  | Found Syphuam's Book Boutique.
 33309 | Snake:4  | Entered Level 4 of the Snake Pit
 33447 | Snake:4  | Reached skill level 15 in Shapeshifting
 33451 | Snake:4  | Reached skill level 5 in Long Blades
 34594 | Snake:4  | HP: 6/176 [guardian serpent (5)]
 34595 | Snake:4  | HP: 2/176 [naga ritualist/+0 hand axe (5)]
 34595 | Snake:4  | Slain by a shock serpent

Illustrated notes

Levels and vault maps discovered:
D:1:      amcnicky_arrival_abandoned_market, layout_basic,
          minmay_shallow_snake_nest
D:2:      layout_basic, basic_altar, serial_shops, shop, minmay_fountain_box,
          nrook_mini_vaults, minmay_pentomino_p2
D:3:      kennysheep_slugbush, layout_loops_ring, cheibrodos_sewer_entry_drain,
          gammafunk_ghost_grave, st_stairs_7, minmay_cupped
D:4:      layout_basic, mainiacjoe_overflow_cross_hatched, led_sif_book,
          ebering_ghost_rock_garden, uniq_edmund, uniq_ijyb, uniq_grinder
D:5:      layout_cave_pools, minmay_chambers_of_fives, uniq_pikel
D:6:      layout_loops_ring, nicolae_overflow_hidden_temple,
          mainiacjoe_overflow_concentric_impassable
D:7:      layout_cave_pods, minmay_temple_entry_waves, serial_shops, shop,
          uniq_crazy_yiuf_cottage
D:8:      layout_loops_ring, nicolae_gozag_cash_rules_everything_around_me,
          mainiacjoe_overflow_24_doors, nemelex_xobeh_ov_fountains_minmay,
          nicolae_vehumet_altar_sigil, mainiacjoe_overflow_six_doors_small,
          uniq_maggie
D:9:      layout_loops_ring, mainiacjoe_overflow_chevrons
D:10:     layout_rooms, mainiacjoe_overflow_paths,
          nicolae_overflow_crystal_walls, nicolae_twisty_statue_hallways
D:11:     layout_cross, hellmonk_lair_entry_icy
D:12:     layout_basic, orc_0_dummy
D:13:     layout_cave_pods, serial_shops, nicolae_shop_peninsula,
          kennysheep_generic_room_15
D:14:     layout_basic, hangedman_vaults_entry_quadrant_bands,
          grunt_qazlal_clouds, uniq_rupert, uniq_snorg, uniq_roxanne
D:15:     hangedman_depths_entry_try_elsewhere_first, layout_basic,
          grunt_decor_cap, serial_corexii_hall, corexii_hall_statues_l,
          corexii_hall_statues_i, special_room [special_room_orc], uniq_nessos,
          uniq_louise, uniq_jorgrun
Lair:1:   layout_regular_city, ebering_ghost_disaster_area,
          portal_ice_cave_entry_pillars_1, lemuel_fruit_tree,
          grunt_megastairs_5, serial_bayou_shore_b
Lair:2:   layout_cave_pods, minmay_snake_entry_six_corridors,
          gammafunk_ghost_hive, serial_bayou_lake_a, uniq_sonja
Lair:3:   layout_chaotic_city, minmay_swamp_entry_reptiles
Lair:4:   layout_regular_city
Lair:5:   evil_forest, layout_cave_pods, slime_entry_1
Snake:1:  layout_onion
Snake:2:  layout_chambers, evilmike_ambush [evilmike_ambush_outer_corners,
          evilmike_ambush_inner_basic]
Snake:3:  layout_cave_town, serial_shops, shop, st_stairs_10,
          grunt_ministairs_11
Snake:4:  johnstein_snake_rune_scales, layout_layer_cave
Orc:1:    layout_diamond_mine
Orc:2:    grunt_orc_cross, layout_diamond_mine, minmay_orc_treasury, uniq_donald

Skill      XL: |  1  2  3  4  5  6  7  8  9 10 11 12 13 14 15 16 17 |
---------------+----------------------------------------------------+-----
Stealth        | 3 5 6 8 10 | 10.2
Spellcasting   | 3 4 5 6 7 8 9 10 13 | 13.7
Earth Magic    | 4 5 6 7 8 9 10 11 | 11.8
Short Blades   | 2 3 4 |  4.0
Conjurations   | 2 5 9 |  9.2
Transmutations | 4 |  4.0
Evocations     | 2 4 |  4.0
Dodging        | 3 4 9 10 | 10.5
Shapeshifting  | 5 10 12 13 15 | 15.0
Fighting       | 3 4 |  4.9
Ice Magic      | 1 5 |  5.0
Air Magic      | 1 5 |  5.0
Translocations | 4 6 |  6.5
Long Blades    | 7 |  7.2

Action                     |  1- 3 |  4- 6 |  7- 9 | 10-12 | 13-15 | 16-18 || total
---------------------------+-------+-------+-------+-------+-------+-------++-------
  Melee: Unarmed           |     6 |       |       |       |       |       ||     6
         Dagger            |    30 |    67 |    28 |   252 |   608 |   301 ||  1286
         Tentacles         |     6 |    13 |     8 |    67 |   198 |    89 ||   381
         Constrict         |     6 |    19 |     8 |    53 |   116 |    44 ||   246
         Punch             |     1 |       |     2 |     6 |     9 |     3 ||    21
         Flail             |       |       |     9 |       |       |       ||     9
         Maw               |       |       |       |    11 |   291 |    23 ||   325
         Double sword      |       |       |       |       |       |     3 ||     3
  Throw: Boomerang         |       |       |       |       |    12 |     3 ||    15
   Cast: Sandblast         |    33 |    81 |    72 |    95 |    35 |     2 ||   318
         Stone Arrow       |       |       |    57 |    76 |    43 |    33 ||   209
         Petrify           |       |       |     9 |   180 |   365 |   148 ||   702
         Passwall          |       |       |       |     3 |    10 |    24 ||    37
         Freezing Cloud    |       |       |       |       |    17 |    36 ||    53
         Bombard           |       |       |       |       |    10 |    13 ||    23
         Lee's Rapid Decon |       |       |       |       |       |     5 ||     5
         Ozocubu's Armour  |       |       |       |       |       |     1 ||     1
 Invoke: Call Merchant     |       |       |       |     2 |     4 |       ||     6
         Potion Petition   |       |       |       |       |       |     2 ||     2
  Evoke: Wand              |       |       |     5 |    19 |     7 |    12 ||    43
    Use: Scroll            |       |     2 |     7 |    12 |    10 |     5 ||    36
         Potion            |       |     1 |     1 |     6 |       |     4 ||    12
   Stab: Sleeping          |     5 |     5 |     4 |     9 |     7 |    34 ||    64
         Paralysed         |       |       |     6 |       |       |     3 ||     9
         Petrified         |       |       |    13 |   158 |   320 |   107 ||   598
         Petrifying        |       |       |     1 |    20 |    76 |    36 ||   133
         Distracted        |       |       |       |     1 |       |       ||     1
         Invisible         |       |       |       |       |       |     1 ||     1
 Armour: Skin              |    11 |    43 |    19 |    85 |   125 |   204 ||   487
  Dodge: Dodged            |    33 |    54 |    23 |    70 |   262 |   354 ||   796
   Form: Maw               |       |       |       |     1 |       |       ||     1
                           |       |       |       |       |       |     1 ||     1
         Statue            |       |       |       |       |       |     1 ||     1

Table legend: (Time is in decaauts)
 A = Elapsed time spent in this place.
 B = Non-inter-level travel time spent in this place.
 C = Inter-level travel time spent in this place.
 D = Time resting spent in this place.
 E = Time spent auto-exploring this place.
 F = Levels seen in this place.
 G = Mean time per level.
                   A        B        C        D        E       F      G
               +--------+--------+--------+--------+--------+-----+--------+
         Total |  36178 |  33784 |   2394 |   1231 |  22763 |  28 | 1292.1 |
       Dungeon |  16560 |  15493 |   1067 |    513 |  10815 |  15 | 1104.0 |
          Lair |   7177 |   6568 |    609 |     10 |   4888 |   5 | 1435.4 |
     Snake Pit |   6781 |   6301 |    480 |     15 |   4823 |   4 | 1695.2 |
  Orcish Mines |   4036 |   3798 |    238 |    675 |   1546 |   2 | 2018.0 |
         Sewer |    615 |    615 |      0 |      5 |    177 |   1 |  615.0 |
      Ice Cave |   1008 |   1008 |      0 |     13 |    514 |   1 | 1008.0 |
               +--------+--------+--------+--------+--------+-----+--------+

Top non-repeatable levels by time:
   Orc:2: 2933 daAuts
  Lair:5: 1997 daAuts
 Snake:4: 1895 daAuts
 Snake:2: 1882 daAuts
 Snake:3: 1755 daAuts
  Lair:2: 1612 daAuts
  Lair:1: 1386 daAuts
    D:14: 1367 daAuts
     D:2: 1340 daAuts
    D:15: 1251 daAuts
 Snake:1: 1247 daAuts
     D:4: 1242 daAuts
    D:13: 1213 daAuts
  Lair:4: 1211 daAuts
     D:8: 1198 daAuts
